 Dungeon Crawl Stone Soup version 0.17.0-57-g0e89251 (webtiles) character file.

501 homeworkjunkie the Covert (level 6, -1/45 HPs)
             Began as a Spriggan Assassin on Dec 8, 2015.
             Slain by a wyvern zombie (5 damage)
             ... in an ossuary.
             The game lasted 00:07:21 (3542 turns).

homeworkjunkie the Covert (Spriggan Assassin)       Turns: 3542, Time: 00:07:21

Health: -1/45      AC: 28    Str: 12    XL:     6   Next: 95%
Magic:  6/7        EV:  4    Int: 12    God:
Gold:   179        SH:  0    Dex: 20    Spells: 0 memorised, 5 levels left

rFire  . . .     SeeInvis +     a - +0 dagger (protect)
rCold  . . .     Clarity  .     (armour currently unavailable)
rNeg   + + +     SustAt   .     (shield restricted)
rPois  +         Gourm    .     (helmet currently unavailable)
rElec  .         Spirit   .     (cloak currently unavailable)
rCorr  .         Warding  .     (gloves unavailable)
rMut   .         NoTele   +     (boots unavailable)
MR     +....                    (no amulet)
Stlth  +++.......               k - ring of invisibility
                                h - +5 ring of strength

@: tree-form, contaminated, glowing, invisible (but backlit and visible)
(expiring), somewhat resistant to hostile enchantments, fairly stealthy
A: unfitting armour, see invisible, herbivore 3, (speed 0), slow metabolism 2
a: Turn Visible


You were in an ossuary.
You were not hungry.
You were a tree.
You visited 1 branch of the dungeon, and saw 5 of its levels.
You also visited: Ossuary.

You collected 179 gold pieces.

Inventory:

Hand Weapons
 a - a +0 dagger of protection (weapon)
 b - a +0 blowgun
 q - a +0 hunting sling
Missiles
 e - 29 poisoned needles
 f - 2 curare-tipped needles
 l - 20 sling bullets
Armour
 c - a +0 robe (melded)
 d - a +0 cloak (melded)
 j - a mottled dragon hide
Jewellery
 h - a +5 ring of strength (left branch)
 k - a ring of invisibility (right branch)
Scrolls
 m - a scroll of immolation
 n - a scroll of identify {unknown}
 o - a scroll of remove curse {unknown}
 p - a scroll of enchant armour {unknown}
 r - 2 scrolls of teleportation
 s - a scroll of fear
Potions
 i - a potion of lignification
Comestibles
 g - 5 bread rations


   Skills:
 * Level 2.0 Fighting
 * Level 3.4 Short Blades
 * Level 3.4 Throwing
 * Level 5.9 Dodging
 * Level 9.1 Stealth


You had 5 spell levels left.
You didn't know any spells.

Dungeon Overview and Level Annotations

Branches:
Dungeon (5/15)
 Temple: D:4-7

Altars:
Gozag
Vehumet

Annotations:
D:4 Blork the orc


Innate Abilities, Weirdness & Mutations

You are tiny and cannot use many weapons and most armour.
You have supernaturally acute eyesight.
You are a herbivore.
((You cover ground extremely quickly.))
You need consume almost no food.


Message History

You hit the wyvern zombie but do no damage.
The wyvern zombie bites you but does no damage.
You hit the wyvern zombie but do no damage.
The wyvern zombie bites you!
* * * LOW HITPOINT WARNING * * *
You hit the wyvern zombie. The wyvern zombie barely misses you.
The wyvern zombie bites you but does no damage.
You hit the wyvern zombie.
The wyvern zombie bites you but does no damage.
You hit the wyvern zombie but do no damage.
The wyvern zombie bites you but does no damage.
You hit the wyvern zombie.
The wyvern zombie bites you but does no damage.
You hit the wyvern zombie.
The wyvern zombie bites you but does no damage.
You hit the wyvern zombie but do no damage.
You flicker for a moment.
The wyvern zombie bites you but does no damage.
You completely miss the wyvern zombie. The wyvern zombie bites you.
You die...

#.# ≈.#
≈.' ###.#
M#.+
'.###
#.'.#
###.#
#♣ZZ+
#####.###
#∩..#.'.#
#.∩.'.###
#...#.Z.#
#####.###
..' #+##


You could see a wyvern zombie and a centaur zombie.

Vanquished Creatures
  A phantom (D:5)
  A crimson imp (D:5)
  A hound (D:4)
  A centaur zombie (Ossuary)
  A jelly (D:5)
  An orc priest (D:3)
  A giant frog skeleton (D:5)
  A worker ant (D:4)
  An orc wizard (D:3)
  A hound skeleton (D:5)
  2 mummies (Ossuary)
  5 adders
  3 gnolls (D:5)
  An ooze (D:3)
  2 giant geckos
  4 orcs (D:3)
  5 bats
  10 hobgoblins
  3 jackals (D:2)
  7 kobolds
  4 giant newts
  3 goblins
  A jackal zombie (D:5)
  A quokka (D:2)
  5 rats
66 creatures vanquished.

Notes
Turn   | Place    | Note
--------------------------------------------------------------
     0 | D:1      | homeworkjunkie the Spriggan Assassin began the quest for the Orb.
     0 | D:1      | Reached XP level 1. HP: 10/10 MP: 2/2
    80 | D:1      | Reached skill level 6 in Stealth
   147 | D:2      | Reached XP level 2. HP: 5/14 MP: 3/3
   488 | D:3      | Reached skill level 7 in Stealth
   488 | D:3      | Reached XP level 3. HP: 18/18 MP: 4/4
   500 | D:3      | Reached XP level 4. HP: 23/23 MP: 5/5
   511 | D:3      | Found a radiant altar of Vehumet.
  1796 | D:3      | Reached skill level 8 in Stealth
  2205 | D:3      | Found an opulent altar of Gozag.
  2426 | D:3      | Reached XP level 5. HP: 21/26 MP: 6/6
  2565 | D:4      | Noticed Blork the orc
  3002 | D:5      | Entered Level 5 of the Dungeon
  3135 | D:5      | Reached XP level 6. HP: 13/30 MP: 7/7
  3243 | D:5      | Noticed a phantom
  3250 | D:5      | Killed a phantom
  3250 | D:5      | Reached skill level 5 in Dodging
  3437 | D:5      | Found a sand-covered staircase.
  3447 | Ossuary  | Entered an ossuary
  3514 | Ossuary  | Reached skill level 9 in Stealth
  3542 | Ossuary  | Slain by a wyvern zombie

Action                   |  1- 3 |  4- 6 || total
-------------------------+-------+-------++-------
Melee: Dagger            |    20 |   229 ||   249
 Fire: Blowgun           |    18 |    27 ||    45
 Abil: Evoke Invisibilit |       |     2 ||     2
  Use: Scroll            |       |     5 ||     5
       Potion            |       |     5 ||     5
 Stab: Sleeping          |     1 |    24 ||    25
       Distracted        |       |     1 ||     1
       Invisible         |       |     5 ||     5
  Eat: Fruit             |       |     4 ||     4
